[Event "Titled Tuesday Blitz August 15 Late 2023"]
[White "Lamaze, Simon"]
[Black "Deac, Bogdan-Daniel"]
[WhiteFideId "36069264"]
[BlackFideId "1226380"]
[WhiteElo "2724"]
[BlackElo "2991"]
[Result "0-1"]
[Round "3"]
[TimeControl "180+1"]
[Date "2023.08.15"]
[WhiteClock "0:00:06"]
[BlackClock "0:00:06"]
[Board "14"]

1. c4 c6 2. d4 d5 3. cxd5 cxd5 4. Bg5 Qb6 5. Nc3 e6 6. Qd2 Ne7 7. f3 Nbc6 8. e3 Ng6 9. Nge2 h6 10. Bf4 Nxf4 11. Nxf4 Bd6 12. Nh5 g6 13. Nf6+ Kf8 14. f4 h5 15. g4 hxg4 16. Nxg4 Qd8 17. O-O-O Bd7 18. Kb1 Rc8 19. Ne5 Nxe5 20. fxe5 Bb4 21. Bd3 Bxc3 22. bxc3 Qa5 23. Rc1 Bb5 24. h4 Bxd3+ 25. Qxd3 Ke7 26. Rh2 Rc6 27. e4 dxe4 28. Qxe4 Rhc8 29. Rb2 b6 30. Rf1 Rxc3 31. Qf4 Rf8 32. Qf6+ Ke8 33. Qf4 Qd5 34. Rc1 Rxc1+ 35. Qxc1 Kd7 36. Rc2 Qb7 37. Qa3 Rc8 38. Qd6+ Ke8 39. Rxc8+ Qxc8 40. d5 exd5 41. Qxd5 Qd7 42. Qe4 Ke7 43. Qe3 Qb5+ 44. Ka1 Ke6 45. Qh3+ Kxe5 46. Qg3+ Ke6 47. Qh3+ Qf5 48. Qb3+ Qd5 49. Qh3+ Ke7 50. Kb2 Qe5+ 51. Ka3 Qa5+ 52. Kb2 Qb4+ 53. Kc1 Qc4+ 54. Kb2 Qd4+ 55. Kb3 Qd5+ 56. Kb2 Qe5+ 57. Ka3 Qd6+ 58. Kb2 a5 59. Qe3+ Kd7 60. Qh3+ Qe6 61. Qg3 Qf5 62. Qe1 Qb5+ 63. Ka3 Qb4+ 64. Qxb4 axb4+ 65. Kxb4 Kc6 66. Kc4 f6 67. Kd4 b5 68. Ke4 Kd6 69. Kf4 Kd5 70. h5 0-1


[Site "https://www.chess.com"]

[Event "Titled Tuesday Blitz August 15 Late 2023"]
[White "Xiong, Jeffery"]
[Black "Barp, Alberto"]
[WhiteFideId "2047640"]
[BlackFideId "872555"]
[WhiteElo "2975"]
[BlackElo "2718"]
[Result "1-0"]
[Round "3"]
[TimeControl "180+1"]
[Date "2023.08.15"]
[WhiteClock "0:00:55"]
[BlackClock "0:01:14"]
[Board "15"]

1. e4 e5 2. Nf3 Nc6 3. Nc3 Nf6 4. d4 exd4 5. Nxd4 Bb4 6. Nxc6 bxc6 7. Bd3 d5 8. exd5 O-O 9. O-O Bg4 10. f3 Bh5 11. dxc6 Qd4+ 12. Kh1 Bxc3 13. bxc3 Qxc3 14. Rb1 Qxc6 15. Rb3 Rad8 16. Bb2 Bg6 17. Qa1 Bxd3 18. cxd3 Rd6 19. Ba3 Rfd8 20. Rc1 Qd7 21. Bxd6 Qxd6 22. Rb7 Nd5 23. Rxa7 Qb6 24. Ra4 Qf2 25. Qd4 Qd2 26. Rac4 Rd6 27. R4c2 Qg5 28. h4 Qh6 29. Qg4 f5 30. Qg5 Qe6 31. d4 h6 32. Qg3 Qf6 33. Rd2 f4 34. Qh3 Ne3 35. Rxc7 Rxd4 36. Rxd4 Qxd4 37. Qe6+ 1-0


[Site "https://www.chess.com"]

[Event "Titled Tuesday Blitz August 15 Late 2023"]
[White "Paravyan, David"]
[Black "Matinian, Nikita"]
[WhiteFideId "4194985"]
[BlackFideId "24129100"]
[WhiteElo "2972"]
[BlackElo "2717"]
[Result "1/2-1/2"]
[Round "3"]
[TimeControl "180+1"]
[Date "2023.08.15"]
[WhiteClock "0:00:18"]
[BlackClock "0:00:13"]
[Board "16"]

1. Nf3 Nf6 2. g3 g6 3. Bg2 Bg7 4. O-O O-O 5. d4 d6 6. c4 c6 7. Nc3 Bf5 8. a3 Ne4 9. Nh4 Nxc3 10. bxc3 Be6 11. Qd3 Qa5 12. Bd2 Qa4 13. d5 Bd7 14. Rfb1 Na6 15. Be3 b6 16. Bd4 Rac8 17. f4 cxd5 18. Bxd5 e5 19. fxe5 dxe5 20. Bf2 Nc5 21. Bxc5 Rxc5 22. Rf1 Be8 23. Nf3 Qd7 24. Ng5 Qe7 25. h4 Kh8 26. Rf2 h6 27. Ne4 Rc7 28. Nd2 f5 29. e4 f4 30. Raf1 Bd7 31. gxf4 Qxh4 32. fxe5 Rxf2 33. Rxf2 Bxe5 34. Rf8+ Kg7 35. Rf7+ Kh8 36. Rf8+ Kh7 37. Rf7+ Kh8 38. Rf8+ 1/2-1/2


[Site "https://www.chess.com"]

[Event "Titled Tuesday Blitz August 15 Late 2023"]
[White "Khripachenko, Alexander"]
[Black "Grigoriants, Sergey"]
[WhiteFideId "54184975"]
[BlackFideId "4130804"]
[WhiteElo "2715"]
[BlackElo "2971"]
[Result "1-0"]
[Round "3"]
[TimeControl "180+1"]
[Date "2023.08.15"]
[WhiteClock "0:00:24"]
[BlackClock "0:00:04"]
[Board "17"]

1. e4 c5 2. Nf3 Nc6 3. d4 cxd4 4. Nxd4 Nf6 5. Nc3 d6 6. f3 e5 7. Nb3 Be7 8. Nd5 Nxd5 9. exd5 Nb8 10. Be3 Bg5 11. Bf2 O-O 12. Be2 f5 13. O-O Nd7 14. c4 b6 15. Nc1 a5 16. Bd3 Nc5 17. Bc2 Bd7 18. Ne2 Rf6 19. Re1 Rh6 20. f4 Bh4 21. Bg3 Bxg3 22. hxg3 Qf6 23. Qd2 Re8 24. b3 Rh5 25. Rad1 g5 26. Rf1 gxf4 27. gxf4 Qh4 28. fxe5 dxe5 29. d6 Bc6 30. d7 Nxd7 31. Qd6 Rh6 32. Qc7 f4 33. Rxd7 Qh2+ 34. Kf2 Qxg2+ 35. Ke1 Rh2 36. Rg1 Qxg1+ 37. Nxg1 Bxd7 38. Qxd7 Rf8 39. Nf3 Rxc2 40. Qe6+ Kg7 41. Qxe5+ Rf6 42. Ng5 f3 43. Nxf3 Rxa2 44. Ng5 Kg6 45. Ne4 Rf3 46. Qg5+ Kf7 47. Qh5+ 1-0


[Site "https://www.chess.com"]

[Event "Titled Tuesday Blitz August 15 Late 2023"]
[White "Hakobyan, Aram"]
[Black "Hua, Lefong"]
[WhiteFideId "13306677"]
[BlackFideId "2602253"]
[WhiteElo "2968"]
[BlackElo "2707"]
[Result "1-0"]
[Round "3"]
[TimeControl "180+1"]
[Date "2023.08.15"]
[WhiteClock "0:00:22"]
[BlackClock "0:00:17"]
[Board "18"]

1. e4 c5 2. Nf3 g6 3. Bc4 Bg7 4. c3 e6 5. d4 cxd4 6. Bb3 d5 7. exd5 exd5 8. O-O Ne7 9. Nxd4 O-O 10. Nd2 Nbc6 11. N2f3 Bg4 12. h3 Nxd4 13. hxg4 Nxb3 14. axb3 Nc6 15. Be3 Qd7 16. g5 Rfe8 17. Ra4 a6 18. Qd3 Qe6 19. Rd1 Rad8 20. Rh4 b5 21. b4 Ne5 22. Nxe5 Bxe5 23. Bd4 Bxd4 24. Rxd4 Qe5 25. Qd2 Re6 26. g3 Qf5 27. Kg2 Re4 28. Rxd5 Rxd5 29. Qxd5 Qxd5 30. Rxd5 Re2 31. Rd6 Rxb2 32. Rxa6 Rc2 33. Rc6 Kg7 34. Kf3 h6 35. gxh6+ Kxh6 36. Rc5 f5 37. Ke3 Kh5 38. f3 Kg5 39. Rc6 Rc1 40. Rc5 Rc2 41. g4 Rc1 42. gxf5 gxf5 43. Kd2 Rf1 44. Rxb5 Rxf3 45. Rb8 Rf2+ 46. Kd3 Kg4 47. b5 Rb2 48. b6 f4 49. b7 f3 50. Rg8+ Kf4 51. b8=Q+ Rxb8 52. Rxb8 1-0


[Site "https://www.chess.com"]

[Event "Titled Tuesday Blitz August 15 Late 2023"]
[White "Dourerassou, Jonathan"]
[Black "Svane, Rasmus"]
[WhiteFideId "628050"]
[BlackFideId "4657101"]
[WhiteElo "2706"]
[BlackElo "2961"]
[Result "0-1"]
[Round "3"]
[TimeControl "180+1"]
[Date "2023.08.15"]
[WhiteClock "0:00:17"]
[BlackClock "0:00:43"]
[Board "19"]

1. d4 d5 2. Nc3 Nf6 3. Bf4 c5 4. e3 cxd4 5. exd4 a6 6. Nf3 Nc6 7. Bd3 Bg4 8. Ne2 Bxf3 9. gxf3 e6 10. c3 Bd6 11. Bg3 Qc7 12. Qd2 O-O-O 13. O-O-O Rhe8 14. Kb1 Kb8 15. Rc1 Ka7 16. Qg5 Rg8 17. Rhg1 h6 18. Qd2 Na5 19. b3 Nc6 20. c4 dxc4 21. Rxc4 Qb6 22. Rgc1 Bxg3 23. Rxc6 bxc6 24. hxg3 Rd6 25. Rc4 Nd5 26. Ra4 Nc7 27. Qf4 Rd7 28. Nc3 Rgd8 29. Kc2 Nb5 30. d5 exd5 31. Qd2 Qc5 32. Kb2 Qxc3+ 33. Qxc3 Nxc3 34. Rxa6+ Kb7 35. Kxc3 Ra8 36. Rxa8 Kxa8 37. Kd4 Kb7 38. a4 Re7 39. b4 h5 40. b5 g5 41. Kc5 cxb5 42. Bxb5 h4 43. Bc6+ Ka7 44. Bxd5 h3 45. f4 gxf4 46. gxf4 h2 47. f5 Re5 0-1


[Site "https://www.chess.com"]

[Event "Titled Tuesday Blitz August 15 Late 2023"]
[White "Papasimakopoulos, Alexandros"]
[Black "Elsa167"]
[WhiteFideId "4244125"]
[WhiteElo "2705"]
[BlackElo "2949"]
[Result "0-1"]
[Round "3"]
[TimeControl "180+1"]
[Date "2023.08.15"]
[WhiteClock "0:01:36"]
[BlackClock "0:01:47"]
[Board "20"]

1. d4 Nf6 2. c4 e6 3. Nc3 d5 4. cxd5 exd5 5. Bg5 Be7 6. e3 O-O 7. Bd3 Re8 8. Qc2 h6 9. Bh4 c5 10. Nge2 Nc6 11. a3 cxd4 12. exd4 Ng4 13. Bxe7 Qxe7 14. h3 Nf6 15. O-O a6 16. Rfe1 Qd6 17. Qd2 Bd7 18. Qf4 Qxf4 19. Nxf4 Nxd4 20. Nfxd5 Nxd5 21. Nxd5 Rxe1+ 22. Rxe1 Rd8 23. Re4 Ne6 24. Bc2 Kf8 25. Nc3 Bc6 26. Re2 Nd4 27. Rd2 Nf3+ 0-1


[Site "https://www.chess.com"]

[Event "Titled Tuesday Blitz August 15 Late 2023"]
[White "Keymer, Vincent"]
[Black "Volovich, Vasily"]
[WhiteFideId "12940690"]
[BlackFideId "34169676"]
[WhiteElo "2939"]
[BlackElo "2703"]
[Result "1-0"]
[Round "3"]
[TimeControl "180+1"]
[Date "2023.08.15"]
[WhiteClock "0:01:13"]
[BlackClock "0:00:01"]
[Board "21"]

1. a3 Nf6 2. Nf3 g6 3. b4 Bg7 4. Bb2 O-O 5. c4 b6 6. g3 Bb7 7. Bg2 c5 8. O-O Nc6 9. b5 Na5 10. d3 d5 11. Nbd2 a6 12. a4 axb5 13. axb5 Re8 14. Qc2 d4 15. Rfe1 e5 16. e4 dxe3 17. Rxe3 Ng4 18. Ree1 Qc7 19. Bc3 Rad8 20. Ra3 Rd7 21. h3 Nh6 22. Bxa5 bxa5 23. Nb3 Nf5 24. Nxa5 Bxf3 25. Bxf3 Nd4 26. Qd1 f5 27. Bc6 Nxc6 28. Nxc6 Qd6 29. Qf3 h5 30. h4 Rf7 31. Qd5 Qxd5 32. cxd5 Rd7 33. b6 e4 34. dxe4 fxe4 35. Rb1 Bd4 36. b7 e3 37. fxe3 Bxe3+ 38. Rxe3 1-0


[Site "https://www.chess.com"]

[Event "Titled Tuesday Blitz August 15 Late 2023"]
[White "Djordjevic, Vuk"]
[Black "Zhigalko, Sergei"]
[WhiteFideId "902098"]
[BlackFideId "13502956"]
[WhiteElo "2700"]
[BlackElo "2934"]
[Result "0-1"]
[Round "3"]
[TimeControl "180+1"]
[Date "2023.08.15"]
[WhiteClock "0:00:04"]
[BlackClock "0:00:05"]
[Board "22"]

1. d4 Nf6 2. Bg5 d5 3. Bxf6 exf6 4. e3 Bd6 5. c4 dxc4 6. Bxc4 O-O 7. Nc3 Nd7 8. Nf3 f5 9. O-O Nf6 10. Qc2 c6 11. Rab1 Qe7 12. a3 Bd7 13. Rfd1 Rac8 14. b4 g6 15. g3 Rfd8 16. Ne1 Kg7 17. Bf1 h5 18. h4 Ng4 19. Qd2 Be6 20. Nd3 g5 21. hxg5 Qxg5 22. e4 Qxd2 23. Rxd2 fxe4 24. Nxe4 Bf5 25. Bg2 h4 26. gxh4 Bh2+ 27. Kf1 Rxd4 28. f3 Ne5 29. Nxe5 Rxd2 30. Nxd2 Bxe5 31. Rd1 Rd8 32. Ke2 Bc2 33. Rc1 Ba4 34. Ne4 Bf4 35. Rc5 Bb5+ 36. Kf2 Rd3 37. Rf5 Be3+ 38. Kg3 Bc1 39. Ng5 Rd7 40. Ne4 Re7 41. Rf6 Bxa3 42. Rf5 Bc1 43. h5 Be3 44. Nd6 Bd3 45. Ne4 Bxe4 46. fxe4 a6 47. Rf3 Bd2 48. Rd3 Bxb4 49. Rb3 Bd2 50. Kf2 Bg5 51. Rg3 Kh6 52. Rh3 Re5 53. Bf3 a5 54. Rh1 a4 55. Rb1 b5 56. Ke2 Rc5 57. Kd3 a3 58. Ra1 b4 59. Kd4 Ra5 60. Bd1 Bf6+ 61. e5 Bxe5+ 0-1


[Site "https://www.chess.com"]

[Event "Titled Tuesday Blitz August 15 Late 2023"]
[White "Mikhailov, Viacheslav"]
[Black "Dardha, Daniel"]
[WhiteFideId "4187369"]
[BlackFideId "240990"]
[WhiteElo "2667"]
[BlackElo "2927"]
[Result "1-0"]
[Round "3"]
[TimeControl "180+1"]
[Date "2023.08.15"]
[WhiteClock "0:00:23"]
[BlackClock "0:00:19"]
[Board "23"]

1. Nf3 d5 2. g3 Nd7 3. d4 Nb6 4. Bg2 Bf5 5. O-O e6 6. Bf4 Nf6 7. Nbd2 Be7 8. c4 O-O 9. Qb3 a5 10. c5 a4 11. Qb5 Ra6 12. cxb6 c6 13. Qxa6 bxa6 14. Bc7 Qc8 15. Ne5 Ne8 16. Nxc6 Bf6 17. Rfc1 Nxc7 18. Na7 Qb7 19. bxc7 h6 20. c8=Q Rxc8 21. Nxc8 Bxd4 22. Nd6 Qb6 23. Nxf5 Bxf2+ 24. Kh1 exf5 25. b3 Be3 26. Rc8+ Kh7 27. Nf3 axb3 28. axb3 Qxb3 29. Rc7 Qb2 30. Rf1 Qf6 31. Nh4 g6 32. Bxd5 Qd6 33. Rxf7+ Kh8 34. Rd1 Bg5 35. Rh7+ Kxh7 36. Bg8+ Kxg8 37. Rxd6 a5 38. Rxg6+ Kf7 39. Ra6 Bd2 40. Nxf5 Bb4 41. e4 Ke8 42. Kg2 Kd7 43. e5 Kc7 44. e6 Kc8 45. e7 Bxe7 46. Nxe7+ Kc7 47. Rxa5 h5 48. Rxh5 Kd6 49. Rf5 Ke6 50. g4 Kd7 51. h4 Ke8 52. h5 Kd7 53. h6 Ke6 54. h7 Kd6 55. h8=Q Kd7 56. Qc8+ Kd6 57. Qc6+ Kxe7 58. Re5+ Kf7 59. Rd5 1-0


[Site "https://www.chess.com"]

[Event "Titled Tuesday Blitz August 15 Late 2023"]
[White "SmirnovAlexandrA"]
[Black "Eljanov, Pavel"]
[BlackFideId "14102951"]
[WhiteElo "2639"]
[BlackElo "2906"]
[Result "0-1"]
[Round "3"]
[TimeControl "180+1"]
[Date "2023.08.15"]
[WhiteClock "0:00:19"]
[BlackClock "0:00:57"]
[Board "24"]

1. e4 c6 2. d4 d5 3. e5 Bf5 4. Nf3 e6 5. Be2 Nd7 6. O-O a5 7. a4 f6 8. exf6 Ngxf6 9. Re1 Bd6 10. Bd3 O-O 11. Bxf5 exf5 12. Ne5 Qc7 13. f4 Ne4 14. Nc3 Bb4 15. Bd2 Bxc3 16. Bxc3 Nxe5 17. dxe5 Rad8 18. e6 Rfe8 19. Be5 Qb6+ 20. Qd4 Qxd4+ 21. Bxd4 c5 22. Be5 Rxe6 23. Rad1 Rd7 24. g4 Rg6 25. g5 Rb6 26. Rd3 d4 27. b3 Kf7 28. Kf1 Nc3 29. Rh3 Kg6 30. Kf2 Nd5 31. Ke2 Rc6 32. Kd1 c4 33. Kc1 Nb4 34. Kb1 c3 35. Rd1 d3 0-1


[Site "https://www.chess.com"]

[Event "Titled Tuesday Blitz August 15 Late 2023"]
[White "Rasulov, Vugar"]
[Black "Hansen, Torbjorn Ringdal"]
[WhiteFideId "13402390"]
[BlackFideId "1501720"]
[WhiteElo "2890"]
[BlackElo "2637"]
[Result "1/2-1/2"]
[Round "3"]
[TimeControl "180+1"]
[Date "2023.08.15"]
[WhiteClock "0:00:59"]
[BlackClock "0:01:00"]
[Board "25"]

1. c4 c5 2. Nc3 Nc6 3. g3 g6 4. Bg2 Bg7 5. d3 d6 6. Bd2 Nf6 7. a3 O-O 8. Rb1 a5 9. Nh3 Bd7 10. O-O h6 11. Nf4 Kh7 12. h4 h5 13. Ne4 Rb8 14. b4 axb4 15. axb4 Nxb4 16. Bxb4 cxb4 17. Rxb4 Bc6 18. Nxf6+ Bxf6 19. e4 e6 20. Qe2 Qa5 21. Rfb1 Bg7 22. Kh2 Qc5 23. Nh3 Kg8 24. f4 Ra8 25. Ng5 Ra3 26. Rxb7 Bxb7 27. Rxb7 Qd4 28. f5 exf5 29. exf5 Qxd3 30. Qxd3 Rxd3 31. fxg6 fxg6 32. Bd5+ Kh8 33. Nf7+ Rxf7 34. Rxf7 Be5 35. Rf3 Rxf3 36. Bxf3 Kg7 1/2-1/2


[Site "https://www.chess.com"]

[Event "Titled Tuesday Blitz August 15 Late 2023"]
[White "Ehlvest, Jaan"]
[Black "Galchenko, Matvey"]
[WhiteFideId "4500016"]
[BlackFideId "24175480"]
[WhiteElo "2635"]
[BlackElo "2876"]
[Result "1-0"]
[Round "3"]
[TimeControl "180+1"]
[Date "2023.08.15"]
[WhiteClock "0:00:11"]
[BlackClock "0:00:08"]
[Board "26"]

1. e4 e6 2. d4 d5 3. exd5 exd5 4. Nf3 Nf6 5. Bd3 c5 6. O-O Nc6 7. Re1+ Be7 8. dxc5 O-O 9. h3 Bxc5 10. a3 Re8 11. Bg5 Rxe1+ 12. Qxe1 Be6 13. Nc3 h6 14. Bh4 g5 15. Bg3 Nh5 16. Bh2 Qf6 17. b4 Bb6 18. Na4 Bxh3 19. Nxb6 axb6 20. b5 g4 21. bxc6 gxf3 22. gxh3 Qg5+ 23. Bg3 bxc6 24. Qe5 Qxe5 25. Bxe5 Re8 26. Bc7 b5 27. Kf1 Nf6 28. Re1 Ra8 29. Bd6 Ra4 30. Bb4 Ra8 31. Re3 Nd7 32. Bf5 Nb6 33. Rxf3 Nc4 34. Bd3 Ne5 35. Re3 Nd7 36. Bf5 Nb6 37. Re7 Nc4 38. Rc7 Ra6 39. Bd7 Ne5 40. Be8 c5 41. Rxc5 Rf6 42. Rxd5 Nc4 43. Rd8 Kh7 44. Bxb5 Ne5 45. Ke2 Re6 46. Bd3+ Kg7 47. Bc3 f6 48. Kd1 Nf7 49. Bc4 Nxd8 50. Bxe6 Nxe6 51. a4 Nc5 52. a5 Kf7 53. Bb4 Na6 54. Ba3 Ke6 55. Ke2 Ke5 56. Ke3 Kd5 57. Kf4 Ke6 58. Kg4 Kf7 59. Kh5 Kg7 60. Bd6 f5 61. f4 Kh7 62. c4 Kg7 63. c5 Nb4 64. Be5+ Kh7 65. Bc3 Nc6 66. a6 Kg8 67. Be5 Kf7 68. Bb8 Nxb8 69. a7 Nd7 70. a8=Q Nf6+ 71. Kxh6 Ng8+ 72. Kg5 Ne7 73. Qb7 Ke6 74. Qxe7+ Kxe7 75. Kxf5 Kd7 76. h4 Kc6 77. h5 Kd7 78. h6 Ke7 79. h7 Kf7 80. h8=Q Ke7 81. Qg7+ Ke8 82. Ke6 1-0


[Site "https://www.chess.com"]

[Event "Titled Tuesday Blitz August 15 Late 2023"]
[White "Holt, Conrad"]
[Black "Chor, Kevin"]
[WhiteFideId "2034387"]
[BlackFideId "2090740"]
[WhiteElo "2875"]
[BlackElo "2572"]
[Result "1-0"]
[Round "3"]
[TimeControl "180+1"]
[Date "2023.08.15"]
[WhiteClock "0:00:08"]
[BlackClock "0:00:03"]
[Board "27"]

1. d4 Nf6 2. c4 g6 3. Nc3 Bg7 4. e4 d6 5. Nf3 O-O 6. h3 e5 7. dxe5 dxe5 8. Qxd8 Rxd8 9. Bg5 Re8 10. Nd5 Nxd5 11. cxd5 c6 12. Bc4 cxd5 13. Bxd5 Nc6 14. Ke2 Be6 15. Bxe6 Rxe6 16. Rhd1 Nd4+ 17. Nxd4 exd4 18. Kd3 Rae8 19. f3 f5 20. Re1 h6 21. Bd2 fxe4+ 22. fxe4 Rb6 23. b3 Rf6 24. Re2 Ra6 25. a4 Rb6 26. b4 Rc6 27. b5 Rc5 28. Rc1 Rec8 29. Ree1 b6 30. Rxc5 Rxc5 31. Rc1 Rxc1 32. Bxc1 Kf7 33. Bb2 Ke6 34. Bxd4 Bf8 35. Bc3 h5 36. a5 Bd6 37. Kc4 bxa5 38. Bxa5 Ke5 39. Kd3 Kf4 40. Be1 g5 41. Bf2 Bb8 42. Kd4 g4 43. hxg4 hxg4 44. Kd5 g3 45. Bd4 Kg4 46. e5 Kf5 47. e6 1-0


[Site "https://www.chess.com"]

[Event "Titled Tuesday Blitz August 15 Late 2023"]
[White "Loay, Sameer"]
[Black "Cordova, Emilio"]
[WhiteFideId "8104239"]
[BlackFideId "3801497"]
[WhiteElo "2567"]
[BlackElo "2874"]
[Result "0-1"]
[Round "3"]
[TimeControl "180+1"]
[Date "2023.08.15"]
[WhiteClock "0:00:05"]
[BlackClock "0:00:41"]
[Board "28"]

1. Nf3 b6 2. g3 Bb7 3. Bg2 c5 4. O-O e6 5. d3 Nf6 6. e4 d5 7. Nbd2 Be7 8. e5 Nfd7 9. Re1 Nc6 10. Nf1 h6 11. c4 dxc4 12. dxc4 Qc7 13. h4 O-O-O 14. Qe2 g5 15. hxg5 hxg5 16. Nxg5 Nd4 17. Bxb7+ Qxb7 18. Qe4 Bxg5 19. Bxg5 Nf3+ 20. Kg2 Nxg5 21. Qxb7+ Kxb7 22. f4 Nh7 23. Ne3 Nhf8 24. Kf3 Ng6 25. a4 Nb8 26. a5 Nc6 27. axb6 axb6 28. Rh1 Nd4+ 29. Ke4 Ne7 30. g4 Nec6 31. f5 Kc7 32. Raf1 Rxh1 33. Rxh1 exf5+ 34. gxf5 Re8 35. e6 fxe6 36. f6 Rf8 37. Ng4 Rf7 38. Rh6 Nf5 39. Rg6 Nd6+ 40. Kf4 Ne8 41. Kg5 Kd6 42. Rg8 Kd7 43. Kg6 Nd6 44. Rg7 Ne7+ 45. fxe7 Rxg7+ 46. Kxg7 Kxe7 47. Kg6 Nxc4 48. b3 Nd2 49. Ne5 Nxb3 50. Nc6+ Kd6 51. Nd8 Nd4 52. Kf6 b5 53. Nf7+ Kd5 54. Ne5 b4 55. Nd3 b3 56. Nf4+ Ke4 0-1


[Site "https://www.chess.com"]

[Event "Titled Tuesday Blitz August 15 Late 2023"]
[White "Lysyj, Igor"]
[Black "Leenhouts, Koen"]
[WhiteFideId "4150120"]
[BlackFideId "1008439"]
[WhiteElo "2870"]
[BlackElo "2541"]
[Result "1-0"]
[Round "3"]
[TimeControl "180+1"]
[Date "2023.08.15"]
[WhiteClock "0:00:17"]
[BlackClock "0:00:01"]
[Board "29"]

1. d4 Nf6 2. c4 c5 3. d5 b5 4. cxb5 a6 5. bxa6 g6 6. Nc3 Bg7 7. a7 Rxa7 8. e4 O-O 9. Nf3 e6 10. Be2 exd5 11. exd5 d6 12. O-O Re8 13. Bb5 Bd7 14. a4 Bxb5 15. Nxb5 Rae7 16. Bf4 Ne4 17. Qc2 Na6 18. Rab1 Nb4 19. Qc4 Nxf2 20. Nxd6 Re4 21. Nxe4 Rxe4 22. Qb5 Nfd3 23. Bd2 Qxd5 24. Bc3 h6 25. Rbd1 Re2 26. Bxb4 Bd4+ 27. Kh1 Nf2+ 28. Rxf2 Rxf2 29. Qd3 cxb4 30. Qxd4 Qxd4 31. Nxd4 Rxb2 32. h3 Ra2 33. Rb1 Rxa4 34. Nc6 Ra2 35. Nxb4 Rd2 36. Nc6 Rd7 37. Ne5 Re7 38. Nf3 Kg7 39. Kh2 h5 40. Rb6 Rd7 41. h4 Re7 42. Ng5 Rd7 43. g3 Rc7 44. Kg2 Rd7 45. Kf3 Rc7 46. Rb3 Rd7 47. Ke4 Rc7 48. Kd5 Rd7+ 49. Kc6 Ra7 50. Rb7 Rxb7 51. Kxb7 Kf6 52. Kc6 Kf5 53. Nxf7 Kg4 54. Ne5+ Kxg3 55. Nxg6 Kg4 56. Kd5 Kf5 57. Ne5 Kf4 58. Ke6 Kg3 59. Ng6 1-0


[Site "https://www.chess.com"]

[Event "Titled Tuesday Blitz August 15 Late 2023"]
[White "subham777"]
[Black "Kovalev, Vladislav"]
[BlackFideId "13504398"]
[WhiteElo "2541"]
[BlackElo "2866"]
[Result "0-1"]
[Round "3"]
[TimeControl "180+1"]
[Date "2023.08.15"]
[WhiteClock "0:00:00"]
[BlackClock "0:01:41"]
[Board "30"]

1. e4 e5 2. Nf3 Nc6 3. Bc4 Nf6 4. d3 Bc5 5. c3 d6 6. Nbd2 a6 7. Nf1 Ba7 8. Ng3 Na5 9. Bb3 Nxb3 10. axb3 O-O 11. Bg5 h6 12. Bh4 Bg4 13. Qd2 Bxf3 14. gxf3 Nxe4 15. Bxd8 Nxd2 16. Bxc7 Nxb3 17. Ra3 Nc5 18. Ke2 Ne6 19. Bxd6 Nf4+ 20. Kd2 Rfd8 21. Bxe5 Nxd3 22. Bd4 Nxb2 23. Kc2 Nc4 24. Rb3 b5 25. Bxa7 Rxa7 26. Rd1 Rxd1 27. Kxd1 Kf8 28. Ne4 Ke7 29. Ke2 Kd7 30. Nd2 Nxd2 31. Kxd2 Kc6 32. Rb4 a5 33. Re4 Kc5 34. Kc2 a4 35. Re5+ Kc6 36. Kb2 Rd7 37. Re2 Rd3 38. Re3 Rxe3 39. fxe3 Kc5 40. Kc2 Kc4 41. e4 g5 42. h3 a3 0-1


[Site "https://www.chess.com"]

[Event "Titled Tuesday Blitz August 15 Late 2023"]
[White "Lagarde, Maxime"]
[Black "Grinev, Valeriy"]
[WhiteFideId "662399"]
[BlackFideId "14117517"]
[WhiteElo "2860"]
[BlackElo "2537"]
[Result "1-0"]
[Round "3"]
[TimeControl "180+1"]
[Date "2023.08.15"]
[WhiteClock "0:01:49"]
[BlackClock "0:01:08"]
[Board "31"]

1. Nc3 d5 2. e4 d4 3. Nce2 c5 4. Ng3 Nc6 5. Nf3 h5 6. h4 e5 7. Bb5 Bd6 8. Bxc6+ bxc6 9. d3 Bg4 10. b3 Ne7 11. Bd2 a5 12. a4 g6 13. Bg5 Qc7 14. Bf6 Rg8 15. Qc1 Bxf3 16. gxf3 Qd7 17. Nf1 Qe6 18. Bg5 f6 19. Bh6 Rh8 20. Bd2 Kd7 21. Qd1 f5 22. Qe2 f4 23. Bc1 Nc8 24. Nd2 Nb6 25. Ba3 Rhg8 26. O-O-O g5 27. hxg5 Rxg5 28. Nc4 Nxc4 29. bxc4 Qe7 30. Kd2 Rb8 31. Rb1 Rb4 32. Bxb4 cxb4 33. Qf1 Qg7 34. Qh3+ Kc7 35. Ke2 Qg6 36. Qh2 Rg2 37. Qxh5 Qg3 38. Rbf1 Kb6 39. Qh4 Qg8 40. Qf6 Kc5 41. Rh8 Qg7 42. Qd8 Qa7 43. Rh6 Qc7 44. Rxd6 Qxd8 45. Rxd8 b3 46. cxb3 Kb4 47. Rb8+ Kc3 48. Rb6 c5 49. Rb5 Rh2 50. Rxa5 Kxb3 51. Rxc5 Kxa4 52. Rb5 Rxf2+ 53. Kxf2 Ka3 54. Rfb1 Ka2 55. Kg2 Ka3 56. Kh3 Ka2 57. Kg4 Ka3 58. Kf5 Ka2 59. Kxe5 Ka3 60. Kxd4 Ka2 61. Ke5 Ka3 62. Kxf4 Ka2 63. Kf5 Ka3 64. Ke5 Ka2 65. Kd6 Ka3 66. e5 Ka2 67. e6 Ka3 68. f4 Ka2 69. f5 Ka3 70. f6 Ka2 71. f7 Ka3 72. e7 Ka2 73. Ke6 Ka3 74. d4 Ka2 75. d5 Ka3 76. d6 Ka2 77. d7 Ka3 78. c5 Ka2 79. c6 Ka3 80. c7 Ka2 81. c8=Q Ka3 82. d8=Q Ka2 83. e8=Q Ka3 84. f8=Q+ Ka2 85. Qc2# 1-0


[Site "https://www.chess.com"]

[Event "Titled Tuesday Blitz August 15 Late 2023"]
[White "Remizov, Yaroslav"]
[Black "Dragomirescu, Robin-Alexandru"]
[WhiteFideId "34134015"]
[BlackFideId "1213849"]
[WhiteElo "2846"]
[BlackElo "2528"]
[Result "1-0"]
[Round "3"]
[TimeControl "180+1"]
[Date "2023.08.15"]
[WhiteClock "0:00:07"]
[BlackClock "0:00:04"]
[Board "32"]

1. e4 g6 2. d4 Nf6 3. e5 Nh5 4. Be2 d6 5. Bxh5 gxh5 6. Qxh5 dxe5 7. Qxe5 Rg8 8. Ne2 Rxg2 9. Ng3 Nc6 10. Qe4 Rxg3 11. hxg3 Qxd4 12. f3 Qxe4+ 13. fxe4 Nd4 14. Na3 Bg4 15. Be3 Nf3+ 16. Kf2 O-O-O 17. Rad1 Rxd1 18. Rxd1 e6 19. Nb5 c6 20. Nxa7+ Kc7 21. a4 Ne5 22. Rh1 h5 23. Bd4 Nd7 24. a5 Bc5 25. Ke3 Kb8 26. Nxc6+ bxc6 27. c3 Kb7 28. b4 Bd6 29. Rf1 f5 30. exf5 exf5 31. Kf2 Ne5 32. Kg2 Nc4 33. Re1 Nd2 34. Re6 Ne4 35. Rg6 Bxg3 36. Rg7+ Ka6 37. c4 c5 38. bxc5 h4 39. c6 h3+ 40. Kf1 Kxa5 41. c7 Bxc7 42. Rxc7 Kb4 43. Rh7 Kxc4 44. Bg1 Kd3 45. Bh2 Nd2+ 46. Kf2 Ne4+ 47. Kg1 Ke3 48. Ra7 Kf3 49. Ra3+ Ke2 50. Bf4 Bf3 51. Re3+ Kd1 52. Rxf3 Ke2 53. Rxh3 Nf6 54. Re3+ Kd1 55. Ra3 Ke2 56. Kg2 Nd5 57. Ra2+ Kd3 58. Kf3 Nc3 59. Rd2+ Kc4 60. Rd8 Ne4 61. Rf8 Kd5 62. Rxf5+ 1-0


[Site "https://www.chess.com"]

[Event "Titled Tuesday Blitz August 15 Late 2023"]
[White "Radivojevic, Ivan"]
[Black "Pakleza, Zbigniew"]
[WhiteFideId "928461"]
[BlackFideId "1119290"]
[WhiteElo "2490"]
[BlackElo "2827"]
[Result "1/2-1/2"]
[Round "3"]
[TimeControl "180+1"]
[Date "2023.08.15"]
[WhiteClock "0:00:17"]
[BlackClock "0:00:11"]
[Board "33"]

1. e4 d6 2. d4 Nf6 3. Nc3 c6 4. g3 b5 5. Bg2 b4 6. Nce2 e5 7. h3 Nbd7 8. Be3 a5 9. c3 Be7 10. f4 O-O 11. g4 bxc3 12. bxc3 Re8 13. Ng3 exf4 14. Bxf4 Bf8 15. N1e2 Ba6 16. O-O h6 17. g5 hxg5 18. Bxg5 Rb8 19. Rf2 Qb6 20. Bxf6 Nxf6 21. Rxf6 gxf6 22. Nf5 Qb2 23. Neg3 Qxc3 24. Qg4+ Kh7 25. Qh5+ Kg8 26. Qg4+ Kh7 27. Qh4+ Kg8 28. Qg4+ 1/2-1/2


[Site "https://www.chess.com"]